 Dungeon Crawl Stone Soup version 0.30-a0-371-gad7725a93e (webtiles) character file.

Game seed: 2638691636791268462

462 garrulousMonolith the Shield-Bearer (level 7, 0/44 HPs)
             Began as a Gargoyle Fighter on Nov 22, 2022.
             Slain by Terence
             ... wielding a +0 mace
              (2 damage)
             ... on level 3 of the Dungeon.
             The game lasted 00:03:48 (2213 turns).

garrulousMonolith the Shield-Bearer (GrFi)          Turns: 2213, Time: 00:03:48

Health: 0/44       AC: 15    Str: 19    XL:     7   Next: 7%
Magic:  8/8        EV:  8    Int:  9    God:
Gold:   93         SH:  5    Dex: 17    Spells: 6/6 levels left

rFire   . . .      SeeInvis .    a - +0 flail
rCold   . . .      Faith    .    c - +0 buckler
rNeg    + . .      Spirit   .    o - +0 chain mail
rPois   ∞          Reflect  .    d - +0 helmet
rElec   +          Harm     .    (no cloak)
rCorr   .          Rampage  .    (no gloves)
Will    .....                    (no boots)
Stlth   ..........               (no amulet)
HPRegen 0.27/turn                i - +6 ring of dexterity
MPRegen 0.11/turn                (no ring)

@: no status effects
A: sickness immunity, AC +4, negative energy resistance 1, electricity
resistance, torment resistance 1, petrification resistance
a: no special abilities


You were on level 3 of the Dungeon.
You visited 1 branch of the dungeon, and saw 3 of its levels.

You collected 93 gold pieces.

Inventory:

Hand Weapons
 a - a +0 flail (weapon)
 k - a +2 sling of freezing
 r - a +0 war axe
Missiles
 f - 2 curare-tipped darts (quivered)
 g - 6 javelins
 m - 6 boomerangs
Armour
 c - a +0 buckler (worn)
 d - a +0 helmet (worn)
 o - a +0 chain mail (worn)
Jewellery
 i - a +6 ring of dexterity (left hand)
Scrolls
 b - a scroll of poison {unknown}
 e - a scroll of fear {unknown}
 h - a scroll of identify
 j - 2 scrolls of immolation {unknown}
 n - a scroll of acquirement {unknown}
 p - a scroll of torment {unknown}
 q - a scroll of blinking {unknown}
Potions
 u - a potion of attraction {unknown}


   Skills:
 + Level 4.3 Fighting
 * Level 4.3 Maces & Flails
 + Level 4.3 Armour
 + Level 2.0 Dodging
 + Level 4.4 Shields
 + Level 2.4 Invocations


You had 6 spell levels left.
You didn't know any spells.
Your spell library contained the following spells:

 Spells                   Type           Power      Damage    Failure   Level
 Magic Dart               Conj           0%         1d3       99%         1
 Sting                    Tmut/Pois      0%         1d3       99%         1
 Call Imp                 Summ           0%         N/A       100%        2
 Poisonous Vapours        Pois/Air       0%         N/A       100%        2
 Wereblood                Tmut           0%         N/A       100%        2
 Mephitic Cloud           Conj/Pois/Air  0%         N/A       100%        3
 Olgreb's Toxic Radiance  Pois           0%         N/A       100%        4
 Summon Hydra             Summ           0%         N/A       100%        7
 Sublimation of Blood     Necr           Unusable   N/A       N/A         2

Dungeon Overview and Level Annotations

Branches:
Dungeon (3/15)

Altars:

Annotations:
D:3 Terence


Innate Abilities, Weirdness & Mutations

You are immune to sickness and miasma.
Your stone body is resilient. (AC +4)
You are immune to poison.
You resist negative energy. (rN+)
You are resistant to electric shocks. (rElec)
You are resistant to unholy torment.
You are immune to petrification.


Message History

You are too injured to fight recklessly!
You are too injured to fight recklessly!
You are too injured to fight recklessly!
You are too injured to fight recklessly!
You are too injured to fight recklessly!
You are too injured to fight recklessly!
You are too injured to fight recklessly!
You are too injured to fight recklessly!
You are too injured to fight recklessly!
You are too injured to fight recklessly!
You are too injured to fight recklessly!
You are too injured to fight recklessly!
You are too injured to fight recklessly!
Terence shouts, "Now you die!"
You hit Terence.
Terence is lightly wounded.
Terence zaps a wand.
The bolt of dispelling energy hits you!
You hit Terence but do no damage.
Terence is lightly wounded.
Terence zaps a wand.
The bolt of dispelling energy hits you.
You closely miss Terence.
Terence is lightly wounded.
Terence hits you with a +0 mace.
You feel yourself speed up. Terence hits you but does no damage.
You hit Terence.
Terence is moderately wounded.
Terence zaps a wand.
The bolt of dispelling energy hits you!
Your magical effects are unravelling.
* * * LOW HITPOINT WARNING * * *
You barely miss Terence.
Terence is moderately wounded.
You feel yourself slow down. Terence hits you but does no damage.
You sock Terence!
Terence is severely wounded.
You block Terence's attack.
You hit Terence.
Terence is almost dead.
Terence hits you with a +0 mace.
You die...

###########
#.........#
#.#######.#
####.#######.#####
..#........#.#....
#.#........#.'..<.
#@#........###....
##@#.....).........
+..##.#####.######.
#.....#........# #.
#.#####........# #.
#. #........# #. #.
+........# #. ##
##........###.
.......)......
#########.#....


You could see Terence.

Vanquished Creatures
  Grinder (D:2)
  Sigmund (D:3)
  Robin (D:1)
  3 gnolls (D:2)
  2 worms
  3 dart slugs (D:1)
  5 ball pythons (D:1)
  4 endoplasms
  5 giant cockroaches
  7 hobgoblins
  2 quokkas
  3 bats
  3 frilled lizards
  11 goblins
  3 kobolds
  6 rats
60 creatures vanquished.

Vanquished Creatures (others)
  2 plants (D:2)
2 creatures vanquished.

Grand Total: 62 creatures vanquished

Notes
Turn   | Place    | Note
-------+----------+-------------------------------------------
     0 | D:1      | garrulousMonolith the Gargoyle Fighter began the quest for
                  | the Orb.
     0 | D:1      | Reached XP level 1. HP: 14/14 MP: 1/1
    45 | D:1      | Reached XP level 2. HP: 19/19 MP: 2/2
   468 | D:1      | Reached XP level 3. HP: 23/23 MP: 3/3
   693 | D:2      | Noticed Robin
   729 | D:1      | Killed Robin
   888 | D:2      | Reached XP level 4. HP: 29/29 MP: 4/4
   900 | D:2      | Reached skill level 1 in Dodging
   900 | D:2      | Reached skill level 1 in Invocations
  1788 | D:3      | Noticed Grinder
  1794 | D:3      | Paralysed by Grinder for 2 turns
  1916 | D:2      | Paralysed by Grinder for 2 turns
  1920 | D:2      | Paralysed by Grinder for 4 turns
  1928 | D:2      | Paralysed by Grinder for 3 turns
  1930 | D:2      | HP: 1/29 [Grinder (6)]
  1937 | D:2      | Killed Grinder
  1938 | D:2      | Reached XP level 5. HP: 4/33 MP: 4/6
  1938 | D:2      | Reached XP level 6. HP: 5/38 MP: 4/7
  2087 | D:3      | Noticed Sigmund
  2100 | D:3      | Killed Sigmund
  2101 | D:3      | Reached XP level 7. HP: 29/44 MP: 8/8
  2203 | D:3      | Noticed Terence
  2210 | D:3      | HP: 1/44 [Terence/bolt of dispelling energy (14)]
  2213 | D:3      | Slain by Terence

Illustrated notes

Levels and vault maps discovered:
D:1:      tarquinn_simple_flora_water_a, layout_loops_ring
D:2:      layout_loops_corners, nicolae_grassy_gnolls, uniq_robin
D:3:      layout_basic, mainiacjoe_overflow_paths,
          mainiacjoe_overflow_six_doors_small, mainiacjoe_overflow_tiny_flanked,
          gammafunk_temple_overflow_pools, gammafunk_ghost_split, uniq_grinder,
          uniq_sigmund, uniq_terence, uniq_crazy_yiuf_cottage

Skill      XL: |  1  2  3  4  5  6 |
---------------+-------------------+-----
Dodging        | 1 2 |  2.0
Invocations    | 2 |  2.4
Maces & Flails | 3 4 |  4.3
Fighting       | 4 |  4.3
Armour         | 4 |  4.3
Shields        | 4 |  4.4

Action                   |  1- 3 |  4- 6 |  7- 9 || total
-------------------------+-------+-------+-------++-------
Melee: Flail             |   114 |    84 |     7 ||   205
Throw: Dart              |       |     3 |       ||     3
  Use: Potion            |     2 |     4 |     1 ||     7
       Scroll            |     1 |     2 |       ||     3
Armor: Scale mail        |    22 |       |       ||    22
       Chain mail        |    38 |    50 |     2 ||    90
Dodge: Dodged            |    48 |    26 |       ||    74
Block: Buckler           |    38 |    16 |     1 ||    55

Table legend: (Time is in decaauts)
 A = Elapsed time spent in this place.
 B = Non-inter-level travel time spent in this place.
 C = Inter-level travel time spent in this place.
 D = Time resting spent in this place.
 E = Time spent auto-exploring this place.
 F = Levels seen in this place.
 G = Mean time per level.
                   A        B        C        D        E       F      G
               +--------+--------+--------+--------+--------+-----+--------+
         Total |   2277 |   2210 |     67 |    506 |   1128 |   3 |  759.0 |
       Dungeon |   2277 |   2210 |     67 |    506 |   1128 |   3 |  759.0 |
               +--------+--------+--------+--------+--------+-----+--------+

Top non-repeatable levels by time:
     D:2: 1272 daAuts
     D:1: 836 daAuts
     D:3: 168 daAuts
